Map: Hardwire LE

Players

CareAgain

  • Race: Zerg Zerg
  • League: Master
  • Spawn Location: 7:00

Warthog - Winner!

  • Race: Terran Terran
  • League: Master
  • Spawn Location: 1:00

VOD

Have the link to the VOD?

Description

Time

  • Played on: Jan. 4, 2022, 10:39 p.m.
  • Length: 11:06
Show
View Real Time Build Order
Export as new Build Order

CareAgain Zerg 

Build Orders: Hatch First 

Get SALT Encoding   

  12  0:00  Drone  
  13  0:12  Overlord  
  13  0:17  Drone  
  14  0:30  Drone x2  
  16  0:48  Hatchery  
  15  0:51  Drone  
  15  0:54  Drone  
  17  0:57  Drone  
  18  1:08  Extractor  
  17  1:13  Spawning Pool  
  17  1:15  Drone  
  17  1:19  Drone  
  18  1:28  Drone  
  19  1:40  Drone  
  20  1:49  Drone  
  21  1:59  Queen x2  
  21  2:00  Zergling x4  
  27  2:15  Hatchery  
  26  2:17  Overlord  
  26  2:20  Drone  
  27  2:35  Drone x4  
  31  2:43  Drone  
  31  2:44  Drone  
  32  2:47  Queen  
  34  2:53  Metabolic Boost  
  34  2:54  Overlord  
  34  2:59  Drone  
  35  3:06  Drone  
  35  3:08  Drone, Extractor  
  36  3:16  Drone x4  
  41  3:22  Queen  
  41  3:24  Drone  
  44  3:27  Drone x4  
  44  3:32  Queen  
  50  3:40  Overlord  
  50  3:50  Overlord x2  
  50  3:59  Drone x8, Evolution Chamber  
  50  4:00  Evolution Chamber  
  56  4:06  Zergling x4  
  57  4:14  Zergling x10  
  62  4:22  Zergling x4  
  64  4:26  Queen x3  
  64  4:31  Zergling x6  
  73  4:38  Zerg Melee Weapons Level 1  
  72  4:48  Drone x2  
  73  4:58  Drone x2  
  73  5:11  Zergling x2  
  73  5:12  Overlord x4  
  73  5:13  Queen  
  74  5:14  Queen  
  74  5:16  Queen  
  74  5:19  Drone  
  71  5:22  Zergling x10  
  72  5:30  Zergling x2  
  72  5:31  Zergling x6  
  76  5:38  Drone x3  
  74  5:46  Drone x3  
  74  5:49  Queen  
  78  5:56  Hatchery  
  77  6:02  Drone x3  
  80  6:06  Drone x5  
  80  6:09  Hatchery  
  84  6:17  Drone x3  
  87  6:21  Zergling x2  
  88  6:27  Extractor  
  88  6:30  Drone x2  
  88  6:31  Extractor  
  88  6:37  Zergling x4  
  88  6:38  Overlord x4  
  90  6:42  Spore Crawler, Queen  
  90  6:43  Spore Crawler x2  
  88  6:48  Queen, Roach Warren  
  88  6:52  Overlord x3  
  89  6:56  Queen  
  89  6:59  Zergling x14  
  98  7:03  Zergling x6  
  98  7:08  Drone x2  
  103  7:12  Zergling x4  
  103  7:22  Baneling Nest  
  103  7:23  Drone x3  
  103  7:26  Zerg Missile Weapons Level 1  
  105  7:32  Spore Crawler  
  105  7:33  Drone x13  
  117  7:40  Drone  
  117  7:41  Drone x2, Extractor x2  
  117  7:43  Extractor  
  117  7:48  Lair  
  117  7:49  Drone x3  
  120  7:55  Drone x7  
  127  7:59  Zergling x8  
  131  8:10  Baneling x5  
  129  8:14  Zergling x24  
  129  8:18  Baneling  
  129  8:19  Baneling  
  133  8:33  Drone x12  
  113  8:44  Drone x8  
  113  8:46  Zergling x2  
  108  8:51  Drone  
  108  8:54  Glial Reconstitution, Drone  
  108  8:55  Centrifugal Hooks  
  107  8:58  Drone  
  107  8:59  Drone x6  
  114  9:07  Drone x2, Extractor  
  114  9:08  Extractor  
  111  9:24  Drone x3  
  111  9:25  Drone x3  
  111  9:28  Hatchery  
  116  9:36  Zergling x22  
  118  9:46  Roach x5  
  118  9:51  Roach x3  
  130  9:57  Queen x2  
  133  10:00  Zergling x14  
  133  10:05  Roach  
  142  10:12  Roach x5  
  142  10:13  Roach  
  127  10:16  Drone x2  
  127  10:18  Drone  
  127  10:21  Drone x2  
  107  10:22  Drone x3  
  107  10:23  Queen x2  
  113  10:31  Drone x4  
  113  10:33  Drone  
Show
View Real Time Build Order
Export as new Build Order

Warthog Terran - Winner!

Build Orders: Liberator Opening, Reaper Expand, Mech 

Get SALT Encoding   

  12  0:00  SCV  
  13  0:12  SCV  
  14  0:17  Supply Depot  
  14  0:24  SCV  
  15  0:39  SCV  
  15  0:40  Barracks  
  16  0:44  Refinery  
  16  0:51  SCV  
  17  1:03  SCV  
  18  1:15  SCV  
  19  1:27  Reaper, Orbital Command  
  20  1:39  Command Center  
  20  1:51  Supply Depot  
  20  1:54  SCV  
  21  2:02  Marine  
  21  2:06  SCV  
  23  2:10  Factory  
  23  2:18  SCV  
  23  2:20  Refinery  
  23  2:22  Barracks Reactor  
  24  2:30  SCV  
  25  2:42  SCV  
  26  2:52  Orbital Command  
  26  2:54  SCV  
  26  2:55  Starport  
  27  3:06  SCV  
  27  3:08  Barracks Tech Lab  
  28  3:19  SCV  
  29  3:23  Hellion x2  
  29  3:24  SCV  
  34  3:31  SCV  
  34  3:33  Liberator  
  38  3:36  Supply Depot  
  38  3:39  SCV  
  39  3:42  Barracks Tech Lab  
  39  3:43  SCV  
  39  3:44  Hellion  
  39  3:45  Hellion  
  44  3:51  SCV  
  44  3:55  SCV  
  46  4:00  Supply Depot  
  46  4:03  SCV  
  46  4:06  Hellion x2  
  46  4:07  SCV  
  52  4:15  SCV  
  53  4:19  SCV  
  53  4:22  Viking  
  56  4:27  Command Center, SCV  
  57  4:31  SCV  
  57  4:32  Supply Depot  
  57  4:36  Refinery x2  
  58  4:40  SCV  
  58  4:43  SCV  
  60  4:52  SCV  
  61  4:55  SCV  
  61  4:58  Factory  
  61  4:59  Factory  
  62  5:00  Armory  
  62  5:01  Armory  
  62  5:04  SCV  
  63  5:09  Starport Tech Lab  
  63  5:11  SCV  
  63  5:13  Hellion x2  
  63  5:16  SCV  
  61  5:23  SCV  
  61  5:28  SCV  
  63  5:35  SCV  
  63  5:38  Factory  
  63  5:39  Barracks Reactor, Factory  
  62  5:45  Starport Tech Lab  
  56  5:50  SCV x2  
  56  5:51  Orbital Command  
  56  5:56  Infernal Pre-Igniter  
  60  5:57  Hellion  
  60  5:58  Hellion x2  
  60  6:00  Cyclone  
  60  6:02  Refinery  
  67  6:06  Refinery, SCV x2  
  69  6:18  Cyclone, SCV x2  
  73  6:20  Orbital Command  
  73  6:25  Supply Depot  
  74  6:26  Supply Depot  
  74  6:27  Supply Depot  
  74  6:30  SCV x2  
  76  6:35  Terran Vehicle Weapons Level 1, Terran Vehicle And Ship Armor Level 1  
  76  6:37  Mag-Field Accelerator  
  76  6:39  Cyclone, Hellion x2  
  83  6:42  SCV x2  
  85  6:49  SCV  
  85  6:51  Hellion  
  85  6:52  Hellion  
  85  6:54  Supply Depot, SCV  
  90  6:55  SCV  
  92  7:01  SCV  
  92  7:06  SCV  
  92  7:07  SCV  
  95  7:11  Hellion x3  
  95  7:14  Hellion x2  
  105  7:17  Hellion x2  
  105  7:22  Supply Depot, SCV x3  
  109  7:28  Supply Depot  
  109  7:32  Cyclone, Hellion  
  109  7:33  Hellion  
  116  7:44  Hellion  
  124  7:48  Thor, Hellion  
  124  7:51  Siege Tank  
  129  7:52  SCV x2  
  129  7:54  Hellion x2  
  129  7:55  Engineering Bay  
  135  8:01  Supply Depot  
  135  8:03  Supply Depot  
  135  8:06  Command Center  
  133  8:16  Hellion x3  
  118  8:38  Cyclone, Hellion x2  
  118  8:39  Cyclone, Hellion  
  117  8:42  Hellion x2  
  117  8:47  Hellion x3  
  105  8:59  Hellion x2  
  105  9:01  Hellion  
  111  9:03  Cyclone, Hellion  
  111  9:05  Banshee  
  115  9:10  Cyclone  
  115  9:12  Hellion  
  115  9:14  Command Center  
  119  9:21  Hellion x2, Refinery  
  119  9:22  Hellion, Refinery  
  125  9:24  Planetary Fortress  
  125  9:25  Hellion  
  127  9:33  Cyclone  
  127  9:35  Hellion  
  132  9:42  Hellion x2  
  134  9:49  Cyclone, Hellion x2  
  141  9:57  Hellion  
  143  10:04  Hellion x2  
  143  10:05  Cyclone  
  150  10:12  Hellion x2  
  148  10:18  Cyclone  
  148  10:21  Cyclone  
  138  10:34  Hellion  
  138  10:35  Hellion x2  
  139  10:58  Factory  
  139  10:59  Factory x2  
Tags
 
Add a new tag
Caveats
  • Supply blocks, unpowered buildings, or Contaminate may cause inaccurate times.
  • Supply counts are checked every 10 seconds.